 Dungeon Crawl Stone Soup version 0.32-a0-314-g526f7d4993 (webtiles) character file.

Game seed: 2701037650612864217

2350 Essalna the Conjurer (level 9, -1/52 HPs)
             Began as a Deep Elf Earth Elementalist on Feb 16, 2024.
             Was a Believer of Vehumet.
             Slain by a water moccasin (8 damage)
             ... on level 6 of the Dungeon.
             The game lasted 00:13:30 (5606 turns).

Essalna the Conjurer (Deep Elf Earth Elementalist)  Turns: 5606, Time: 00:13:31

Health: -1/52      AC:  5    Str:  5    XL:     9   Next: 20%
Magic:  14/18      EV: 12    Int: 25    God:    Vehumet [**....]
Gold:   295        SH:  0    Dex: 15    Spells: 9/18 levels left

rFire   . . .        e - +2 dagger (venom)
rCold   . . .        (no shield)
rNeg    . . .        a - +0 robe
rPois   .            (no helmet)
rElec   .            m - +0 cloak
rCorr   .            s - +1 pair of gloves
SInv    +            (no boots)
Will    .....        (no amulet)
Stlth   ++           p - ring of see invisible
HPRegen 0.28/turn    (no ring)
MPRegen 0.16/turn

%: no passive effects
@: brilliant, lethally poisoned (-1 -> -18)
A: no striking features
a: Renounce Religion


You were on level 6 of the Dungeon.
You worshipped Vehumet.
Vehumet was pleased with you.
You visited 2 branches of the dungeon, and saw 7 of its levels.
You also visited: Ossuary.

You collected 295 gold pieces.

Inventory:

Hand Weapons
 e - a +2 dagger of venom (weapon)
Missiles
 j - a throwing net
Armour
 a - a +0 robe (worn)
 m - a +0 cloak (worn)
 s - a +1 pair of gloves (worn)
Magical Staves
 q - a staff of air
 u - a staff of cold
Jewellery
 p - a ring of see invisible (left hand)
 t - a +6 ring of dexterity
Scrolls
 c - a scroll of fear
 d - 4 scrolls of identify
 f - a scroll of brand weapon
 h - 2 scrolls of enchant weapon
 i - 4 scrolls of teleportation
 n - a scroll of noise
 x - 2 scrolls of blinking {unknown}
 y - 2 scrolls of fog {unknown}
 B - a scroll of vulnerability {unknown}
Potions
 b - 2 potions of magic
 g - a potion of lignification {unknown}
 k - 2 potions of brilliance
 l - 2 potions of degeneration {unknown}
 o - 3 potions of enlightenment {unknown}
 r - 3 potions of heal wounds {unknown}
 v - a potion of curing {unknown}
 w - a potion of might {unknown}
 z - 2 potions of ambrosia {unknown}
 A - 2 potions of mutation {unknown}


   Skills:
 + Level 3.8 Fighting
 - Level 2.4 Dodging
 - Level 2.4 Stealth
 - Level 5.0 Spellcasting
 + Level 7.5 Conjurations
 + Level 5.1 Ice Magic
 + Level 5.1 Air Magic
 - Level 6.2 Earth Magic


You had 9 spell levels left.
You knew the following spells:

 Your Spells              Type           Power      Damage    Failure   Level
a - Sandblast             Erth           100%       2d20      1%          1
b - Freezing Cloud        Conj/Ice/Air   26%        6-21      21%         5
c - Stone Arrow           Conj/Erth      100%       3d13      1%          3

Your spell library contained the following spells:

 Spells                   Type           Power      Damage    Failure   Level
 Static Discharge         Conj/Air       100%       3-8/arc   1%          2
 Passwall                 Erth           54%        N/A       1%          3
 Swiftness                Air            48%        N/A       3%          3
 Ensorcelled Hibernation  Hex/Ice        56%        N/A       4%          2
 Mercury Vapours          Alch/Air       56%        N/A       4%          2
 Mephitic Cloud           Conj/Alch/Air  41%        N/A       4%          3
 Brom's Barrelling Bould  Conj/Erth      57%        2d7       4%          4
 Cigotuvi's Dreadful Rot  Necr/Alch/Air  44%        N/A       6%          2
 Summon Small Mammal      Summ           36%        N/A       9%          1
 Petrify                  Alch/Erth      32%        N/A       22%         4
 Call Canine Familiar     Summ           9%         N/A       24%         3
 Dispel Undead            Necr           9%         3d8       63%         4
 Martyr's Knell           Necr/Summ      9%         N/A       63%         4
 Summon Blazeheart Golem  Fire/Summ      9%         N/A       63%         4
 Death Channel            Necr           4%         N/A       100%        6


Dungeon Overview and Level Annotations

Branches:
Dungeon (6/15)             Temple (1/1) D:4         Ossuary (visited)

Altars:
Ashenzari
Cheibriados
Dithmenos
Elyvilon
Fedhas
Gozag
Hepliaklqana
Kikubaaqudgha
Nemelex Xobeh
Okawaru
Qazlal
Ru
Sif Muna
Trog
Uskayaw
Vehumet
Wu Jian
Xom
Zin
The Shining One

Shops:
D:5 *


Message History

The water moccasin bites you. x2
You are poisoned.
The water moccasin poisons you!
The blast of sand hits the water moccasin!
The water moccasin is heavily wounded.
You feel very sick. The water moccasin bites you! The water moccasin bites you.
You are too injured to fight recklessly!
You are too injured to fight recklessly!
You are too injured to fight recklessly!
Casting: Sandblast (safe; 1% risk of failure)
Confirm with . or Enter, or press ? or * to list all spells.
Aiming: Sandblast (safe; 1% risk of failure)
Press: ? - help, Shift-Dir - straight line, f/p - water moccasin
Aim: a water moccasin (heavily wounded, 73% to hit)
The blast of sand hits the water moccasin.
The water moccasin is severely wounded.
You feel very sick. The water moccasin misses you.
The water moccasin bites you.
You are more poisoned.
The water moccasin poisons you!
Casting: Sandblast (safe; 1% risk of failure)
Confirm with . or Enter, or press ? or * to list all spells.
Aiming: Sandblast (safe; 1% risk of failure)
Press: ? - help, Shift-Dir - straight line, f/p - water moccasin
Aim: a water moccasin (heavily wounded, 73% to hit)
The blast of sand hits the water moccasin!
The water moccasin is almost dead.
* * * LOW HITPOINT WARNING * * *
You feel very sick. The water moccasin bites you.
* * * LOW HITPOINT WARNING * * *
You are lethally poisoned!
The water moccasin poisons you! The water moccasin closely misses you.
It was a potion of brilliance.
You feel clever all of a sudden.
* * * LOW HITPOINT WARNING * * *
You feel very sick. The water moccasin bites you!
You die...

# .# .# .#
#####.#### #
#..@S....#
###.###.###.##.#
#.......# ..
#.#....## ...
.## #.###.## .##
.... ##.# # #..
#.# ##.#
##.######
#.###.#.....#


You could see a water moccasin.

Vanquished Creatures
  2 water moccasins (D:5)
  2 ogres
  4 black bears
  A sky beast (D:6)
  A phantom (D:5)
  2 elf zombies (Ossuary)
  A bullfrog (D:6)
  A gnoll sergeant (D:6)
  3 scorpions
  2 centaur zombies (Ossuary)
  2 hounds (D:5)
  2 jellies
  A gnoll bouda (D:4)
  A human zombie (Ossuary)
  4 iguanas
  A sleepcap (D:6)
  4 orc wizards (D:4)
  5 hound zombies (Ossuary)
  2 mummies (Ossuary)
  10 gnolls
  10 adders
  2 ufetubi (D:5)
  6 adder zombies (Ossuary)
  A ribbon worm (D:4)
  2 dart slugs
  14 orcs
  3 endoplasms (D:2)
  5 giant cockroaches
  10 goblins
  7 hobgoblins
  5 jackals
  A quokka (D:2)
  8 ball pythons
  3 bats
  2 frilled lizards
  3 gnoll zombies (Ossuary)
  6 jackal zombies (Ossuary)
  7 kobolds
  6 kobold zombies (Ossuary)
  5 orc zombies (Ossuary)
  4 rats
161 creatures vanquished.

Notes
Turn   | Place    | Note
-------+----------+-------------------------------------------
     0 | D:1      | Essalna the Deep Elf Earth Elementalist began the quest for
                  | the Orb.
     0 | D:1      | Reached XP level 1. HP: 10/10 MP: 6/6
   164 | D:1      | Reached XP level 2. HP: 15/15 MP: 4/8
   477 | D:1      | Reached skill level 2 in Conjurations
   480 | D:1      | Reached XP level 3. HP: 17/19 MP: 5/10
  1246 | D:2      | Reached XP level 4. HP: 24/24 MP: 8/12
  1500 | D:3      | Noticed a scorpion
  1503 | D:3      | Killed a scorpion
  1504 | D:3      | Reached skill level 3 in Conjurations
  1504 | D:3      | Reached XP level 5. HP: 28/28 MP: 10/14
  1785 | D:3      | Reached skill level 5 in Spellcasting
  1894 | D:3      | Found a faded altar of an unknown god.
  2662 | D:3      | Noticed an ogre
  2727 | D:3      | Killed an ogre
  2728 | D:3      | Reached skill level 4 in Conjurations
  2728 | D:3      | Reached skill level 5 in Earth Magic
  2728 | D:3      | Reached XP level 6. HP: 32/32 MP: 10/15
  3063 | D:4      | Found a staircase to the Ecumenical Temple.
  3081 | Temple   | Entered the Ecumenical Temple
  3090 | Temple   | Became a worshipper of Vehumet
  3106 | Temple   | Reached skill level 5 in Conjurations
  3298 | D:4      | Reached XP level 7. HP: 21/36 MP: 11/16
  3393 | D:4      | Learned a level 5 spell: Freezing Cloud
  3869 | D:4      | Reached skill level 1 in Ice Magic
  3869 | D:4      | Reached skill level 1 in Air Magic
  3933 | D:5      | Entered Level 5 of the Dungeon
  3938 | D:5      | Reached skill level 1 in Fighting
  3965 | D:5      | Found a hide-covered altar of Uskayaw.
  4043 | D:5      | Reached skill level 6 in Conjurations
  4043 | D:5      | Reached XP level 8. HP: 44/44 MP: 14/17
  4050 | D:5      | Found Bubridel's Assorted Antiques.
  4087 | D:5      | Reached * piety under Vehumet
  4087 | D:5      | Offered knowledge of Shock by Vehumet.
  4211 | D:5      | Found a sand-covered staircase.
  4223 | Ossuary  | Entered an ossuary
  4409 | Ossuary  | Offered knowledge of Sting by Vehumet.
  4412 | Ossuary  | Reached ** piety under Vehumet
  4778 | D:5      | Learned a level 3 spell: Stone Arrow
  4910 | D:5      | Reached skill level 7 in Conjurations
  5225 | D:6      | Reached XP level 9. HP: 25/51 MP: 12/18
  5299 | D:6      | Offered knowledge of Static Discharge by Vehumet.
  5425 | D:6      | Reached skill level 5 in Air Magic
  5530 | D:6      | Reached skill level 5 in Ice Magic
  5606 | D:6      | Slain by a water moccasin

Illustrated notes

Levels and vault maps discovered:
D:1:      dpeg_arrival_lava_temple_mockup, layout_loops_ring,
          minmay_misc_feat_roman, minmay_misc_feat_columns, grunt_decor_cap,
          hangedman_decor_points
D:2:      layout_rooms, minmay_door_square, cheibrodos_gnoll_hut
D:3:      layout_loops_corners, dreamdust_ecumenical_altar_angels_and_demons,
          st_stairs_2, grunt_ministairs_8, minmay_ogre_servants
D:4:      nicolae_cairo_tiling_very_big, layout_rooms,
          minmay_temple_entry_sparse_star
D:5:      layout_loops_cross, mainiacjoe_overflow_catwalk,
          nicolae_ossuary_entry_monument, serial_shops, shop
D:6:      layout_loops_cross, mainiacjoe_overflow_surrounded_room, serial_shops,
          nicolae_shop_tiny_statue_garden
Temple:   nicolae_temple_bog_church

Skill      XL: |  1  2  3  4  5  6  7  8  9 |
---------------+----------------------------+-----
Conjurations   | 2 3 4 5 6 7 |  7.5
Spellcasting   | 4 5 |  5.0
Earth Magic    | 4 5 6 |  6.2
Ice Magic      | 2 4 5 |  5.1
Air Magic      | 2 4 5 |  5.1
Fighting       | 1 3 |  3.8
Dodging        | |  2.4
Stealth        | |  2.4

Action                     |  1- 3 |  4- 6 |  7- 9 || total
---------------------------+-------+-------+-------++-------
  Melee: Unarmed           |     1 |       |       ||     1
         Dagger            |       |     2 |     1 ||     3
   Cast: Sandblast         |    42 |    66 |   172 ||   280
    Use: Scroll            |       |       |     8 ||     8
         Potion            |       |       |     1 ||     1
 Armour: Robe              |    10 |    26 |    63 ||    99
  Dodge: Dodged            |    13 |    21 |    74 ||   108

Table legend: (Time is in decaauts)
 A = Elapsed time spent in this place.
 B = Non-inter-level travel time spent in this place.
 C = Inter-level travel time spent in this place.
 D = Time resting spent in this place.
 E = Time spent auto-exploring this place.
 F = Levels seen in this place.
 G = Mean time per level.
                   A        B        C        D        E       F      G
               +--------+--------+--------+--------+--------+-----+--------+
         Total |   5746 |   5260 |    486 |    122 |   4209 |   8 |  718.2 |
       Dungeon |   5082 |   4612 |    470 |      0 |   3870 |   6 |  847.0 |
        Temple |    151 |    135 |     16 |    122 |      0 |   1 |  151.0 |
       Ossuary |    511 |    511 |      0 |      0 |    339 |   1 |  511.0 |
               +--------+--------+--------+--------+--------+-----+--------+

Top non-repeatable levels by time:
     D:3: 1429 daAuts
     D:4: 898 daAuts
     D:1: 891 daAuts
     D:5: 728 daAuts
     D:2: 631 daAuts
 Ossuary: 511 daAuts
     D:6: 504 daAuts
  Temple: 151 daAuts
